 Dungeon Crawl Stone Soup version 0.29.1 (webtiles) character file.

Game seed: 15832548870186654320

1572 RascalDebosk the Trooper (level 8, -2/71 HPs)
             Began as a Minotaur Fighter on Sept 12, 2022.
             Slain by a yak (8 damage)
             ... on level 5 of the Dungeon.
             The game lasted 00:19:23 (4092 turns).

RascalDebosk the Trooper (Minotaur Fighter)         Turns: 4092, Time: 00:19:24

Health: -2/71      AC: 10    Str: 26    XL:     8   Next: 59%
Magic:  7/7        EV:  9    Int:  5    God:
Gold:   208        SH:  5    Dex: 12    Spells: 7/7 levels left

rFire   + . .      SeeInvis +   a - +0 war axe
rCold   . . .      Faith    .   c - +0 buckler
rNeg    . . .      Spirit   .   b - +0 scale mail
rPois   .          Reflect  .   (helmet restricted)
rElec   .          Harm     .   j - +0 cloak
rCorr   .          Rampage  .   g - +0 pair of gloves
Will    .....                   (no boots)
Stlth   ..........              (no amulet)
HPRegen 0.21/turn               m - ring "Piffamil" {*Slow rF+ Str+3 Dex+2 SInv}
MPRegen 0.10/turn               (no ring)

@: no status effects
A: horns 2, retaliatory headbutt
a: no special abilities


You were on level 5 of the Dungeon.
You visited 1 branch of the dungeon, and saw 5 of its levels.

You collected 208 gold pieces.

Inventory:

Hand Weapons
 a - a +0 war axe (weapon)
 n - a +0 dagger
Missiles
 e - 11 poisoned darts (quivered)
Armour
 b - a +0 scale mail (worn)
 c - a +0 buckler (worn)
 g - a +0 pair of gloves (worn)
 j - a +0 cloak (worn)
Jewellery
 m - the ring "Piffamil" (left hand) {*Slow rF+ Str+3 Dex+2 SInv}
   (You took it off a kobold on level 2 of the Dungeon)

   [ring of protection from fire]

   Str:       It affects your strength (+3).
   Dex:       It affects your dexterity (+2).
   rF:        It protects you from fire.
   SInv:      It lets you see invisible.
   *Slow:     It may slow you when you take damage.
Wands
 q - a wand of polymorph (2)
Scrolls
 i - a scroll of teleportation
 l - 3 scrolls of identify
 r - a scroll of poison {unknown}
 s - 2 scrolls of amnesia {unknown}
Potions
 d - a potion of might
 f - 4 potions of curing
 h - a potion of brilliance
 k - a potion of haste {unknown}
 o - a potion of cancellation {unknown}
 p - a potion of resistance


   Skills:
 + Level 6.8 Fighting
 + Level 6.2 Axes
 + Level 4.5 Throwing
 + Level 6.7 Armour
 - Level 4.0 Shields
 + Level 4.1 Evocations


You had 7 spell levels left.
You didn't know any spells.
Your spell library was empty.

Dungeon Overview and Level Annotations

Branches:
Dungeon (5/15)
 Temple: D:4-7

Altars:
Fedhas
Makhleb


Innate Abilities, Weirdness & Mutations

You have a pair of horns on your head.
You reflexively headbutt those who attack you in melee.


Message History

You hit the yak but do no damage. The yak gores you! The yak gores you.
You slash the yak! You headbutt the yak.
The yak is almost dead.
You hit the yak. The yak gores you but does no damage. The yak gores you.
The yak gores you! The yak barely misses you.
You hit the yak.
You kill the yak!
You barely miss the yak. The yak gores you but does no damage.
You slash the yak!
You kill the yak!
Your Axes skill increases to level 6!
Your Evocations skill increases to level 4!
You hit the yak. Your headbutt misses the yak.
The yak is almost dead.
You slash the yak!
You kill the yak!
The yak gores you but does no damage.
You hit the yak but do no damage. The yak barely misses you.
You furiously retaliate!
You headbutt the yak, but do no damage. You barely miss the yak.
The yak gores you.
You closely miss the yak. You hit the yak. You headbutt the yak.
The yak is moderately wounded.
You slash the yak! The yak gores you!
* * * LOW HITPOINT WARNING * * *
The yak barely misses you. You furiously retaliate!
You headbutt the yak! You slash the yak!
The yak is severely wounded.
You hit the yak. The yak barely misses you. You furiously retaliate!
You headbutt the yak, but do no damage. You block the yak's attack.
The yak gores you but does no damage. The yak gores you.
* * * LOW HITPOINT WARNING * * *
You hit the yak but do no damage.
The yak is severely wounded.
You hit the yak. The yak gores you but does no damage.
The yak completely misses you.
You hit the yak. You headbutt the yak.
You kill the yak!
You slash the yak! The yak gores you!
You die...

.# .# .#
.## .. Y#
########†#
#......@Y#
#.########
#...#
###.# #.#
#.# #.#
#.# #.#


You could see 2 yaks.

Vanquished Creatures
  Sigmund (D:3)
  4 yaks (D:5)
  Menkaure (D:4)
  A water moccasin (D:4)
  A black bear (D:5)
  A centaur (D:5)
  A kobold brigand (D:4)
  2 scorpions
  3 hounds
  Jessica (D:3)
  An iguana (D:5)
  An orc wizard (D:5)
  Natasha (thrice) (D:3)
  4 adders
  2 worms
  2 dart slugs (D:4)
  10 orcs
  3 endoplasms
  4 giant cockroaches
  13 goblins
  8 hobgoblins
  6 jackals (D:4)
  4 quokkas
  7 ball pythons
  11 bats
  A frilled lizard (D:3)
  5 kobolds
  4 rats
105 creatures vanquished.

Notes
Turn   | Place    | Note
-------+----------+-------------------------------------------
     0 | D:1      | RascalDebosk the Minotaur Fighter began the quest for the
                  | Orb.
     0 | D:1      | Reached XP level 1. HP: 19/19 MP: 0/0
   314 | D:1      | Reached XP level 2. HP: 27/27 MP: 1/1
  1056 | D:2      | Reached XP level 3. HP: 33/33 MP: 2/2
  1059 | D:2      | Reached skill level 1 in Throwing
  1072 | D:2      | Identified the ring "Piffamil" {*Slow rF+ Str+3 Dex+2 SInv}
  1243 | D:2      | Found a faded altar of an unknown god.
  1288 | D:2      | Reached skill level 1 in Evocations
  1455 | D:3      | Noticed Sigmund
  1474 | D:3      | Killed Sigmund
  1475 | D:3      | Reached XP level 4. HP: 16/41 MP: 3/3
  1475 | D:3      | Reached XP level 5. HP: 18/47 MP: 4/4
  1674 | D:3      | Noticed Natasha
  1679 | D:3      | Killed Natasha
  1795 | D:3      | Found a blossoming altar of Fedhas.
  1944 | D:3      | Noticed Jessica
  1958 | D:3      | Killed Jessica
  1959 | D:3      | Reached XP level 6. HP: 48/55 MP: 5/5
  2386 | D:3      | Noticed Natasha
  2391 | D:3      | Killed Natasha
  2421 | D:3      | Noticed Natasha
  2426 | D:3      | Killed Natasha
  2427 | D:3      | Reached skill level 5 in Fighting
  2506 | D:4      | Reached skill level 5 in Armour
  2542 | D:4      | Found a burning altar of Makhleb.
  2589 | D:4      | Noticed Menkaure
  2604 | D:4      | Killed Menkaure
  2605 | D:4      | Reached XP level 7. HP: 53/61 MP: 6/6
  2904 | D:4      | Reached skill level 5 in Axes
  3671 | D:5      | Entered Level 5 of the Dungeon
  3877 | D:5      | Reached XP level 8. HP: 68/70 MP: 7/7
  4092 | D:5      | Slain by a yak

Illustrated notes

Levels and vault maps discovered:
D:1:      minmay_arrival_pointy, layout_basic
D:2:      cheibrodos_greedy_goblins, layout_rooms,
          shapermc_ecumenical_altar_mp_highgroup, kennysheep_generic_room_6
D:3:      minmay_evil_eye, layout_loops_ring, mainiacjoe_overflow_alcove_1,
          chequers_serial_rivers_large_b, serial_bayou_pond_e, uniq_natasha,
          uniq_sigmund, uniq_jessica
D:4:      layout_loops_corners, makhleb_heckhound_becter, uniq_menkaure
D:5:      minmay_razor_zed, layout_loops_ring, kennysheep_small_circle

Skill      XL: |  1  2  3  4  5  6  7  8 |
---------------+-------------------------+-----
Throwing       | 2 3 4 |  4.5
Fighting       | 4 5 6 |  6.8
Evocations     | 2 3 4 |  4.1
Axes           | 3 4 5 6 |  6.2
Armour         | 4 5 6 |  6.7
Shields        | 4 |  4.0

Action                   |  1- 3 |  4- 6 |  7- 9 || total
-------------------------+-------+-------+-------++-------
Melee: War axe           |    87 |    56 |    98 ||   241
       Headbutt          |    12 |    10 |    22 ||    44
Throw: Dart              |       |       |     2 ||     2
  Use: Scroll            |       |     8 |       ||     8
       Potion            |       |       |     1 ||     1
Armor: Scale mail        |    41 |    26 |    46 ||   113
Dodge: Dodged            |    49 |    22 |    63 ||   134
Block: Buckler           |    18 |    12 |    21 ||    51
